 Dungeon Crawl Stone Soup version 0.29-a0-315-gaf6dd05e2f (webtiles) character file.

Game seed: 8283794870753695583

51 pornoking the Magician (level 3, 15/15 HPs)
             Began as a Felid Summoner on Mar 27, 2022.
             Quit the game on level 3 of the Dungeon on Mar 29, 2022.
             The game lasted 00:28:00 (2523 turns).

pornoking the Magician (Felid Summoner)             Turns: 2523, Time: 00:28:01

Health: 15/15      AC:  1    Str:  4    XL:     3   Next: 58%
Magic:  9/9        EV: 17    Int: 18    God:
Gold:   79         SH:  0    Dex: 16    Spells: 9/10 levels left
                                        Lives:  0   Deaths: 1

rFire   . . .      SeeInvis +   (weapon unavailable)
rCold   . . .      Faith    .   (shield unavailable)
rNeg    . . .      Spirit   .   (body armour unavailable)
rPois   .          Reflect  .   (helmet unavailable)
rElec   .          Harm     .   (cloak unavailable)
rCorr   +          Rampage  .   (gloves unavailable)
Will    .....                   (boots unavailable)
Stlth   ++........              (no amulet)
HPRegen 0.05/turn               d - ring of resist corrosion
MPRegen 0.11/turn               (no ring)

@: quick
A: very small, claws 1, fangs 3, see invisible, speed 1, shaggy fur 1, stealthy
paws, no weapons or thrown items, no armour, multi-lived, robust 1
a: no special abilities


You were on level 3 of the Dungeon.
You visited 1 branch of the dungeon, and saw 3 of its levels.

You collected 79 gold pieces.

Inventory:

Jewellery
 d - a ring of resist corrosion (left paw)
Scrolls
 b - 2 scrolls of identify {unknown}
 e - a scroll of torment {unknown}
 f - a scroll of magic mapping {unknown}
 g - a scroll of amnesia {unknown}
Potions
 a - a potion of magic


   Skills:
 - Level 2.6 Dodging
 - Level 2.9 Stealth
 - Level 4.3 Spellcasting
 + Level 4.2 Summonings


You had 9 spell levels left.
You knew the following spells:

 Your Spells              Type           Power      Damage    Failure   Level
a - Summon Small Mammal   Summ           76%        N/A       2%          1

Your spell library contained the following spells:

 Spells                   Type           Power      Damage    Failure   Level
 Call Imp                 Summ           19%        N/A       3%          2
 Call Canine Familiar     Summ           19%        N/A       8%          3
 Summon Guardian Golem    Hex/Summ       11%        N/A       19%         3
 Summon Lightning Spire   Summ/Air       11%        N/A       52%         4


Dungeon Overview and Level Annotations

Branches:
Dungeon (3/15)

Altars:
Okawaru

Shops:
D:3 [


Innate Abilities, Weirdness & Mutations

You have sharp claws.
You have razor-sharp teeth.
You have supernaturally acute eyesight. (SInv)
You cover ground quickly. (Speed+)
You are covered in fur. (AC +1)
Your paws help you pounce on unaware monsters.
You are incapable of wielding weapons or throwing items.
You cannot wear armour.
You gain extra lives every three experience levels.
You are robust. (+10% HP)


Message History

It was a potion of mutation.
You feel extremely strange.
You feel robust.
You feel very sick.
Your rat bites the kobold but does no damage.
The kobold misses your rat.
You swap places.
Found a stone staircase leading down.
* * * LOW HITPOINT WARNING * * *
You feel sick.
Your rat bites the kobold but does no damage.
The kobold hits your rat with a +0 club.
Your rat dies!
Your rat's corpse disappears in a puff of smoke!
Found a glowing long sword.
* * * LOW HITPOINT WARNING * * *
You feel sick.
A kobold and an orc come into view.
You die...
You feel sick.
The kobold hits your quokka with a +0 club.
Your quokka barely misses the kobold.
You are now level 3!
You rejoin the land of the living...
Found 2 curare-tipped darts.
A bat comes into view.
Saving game... please wait.
Welcome back, pornoking the Felid Summoner.
Press ? for a list of commands and other information.
Unknown command.
Found a stone staircase leading down.
Casting: Summon Small Mammal (safe; 2% risk of failure)
Confirm with . or Enter, or press ? or * to list all spells.
Okay, then.
Casting: Summon Small Mammal (safe; 2% risk of failure)
Confirm with . or Enter, or press ? or * to list all spells.
Okay, then.
Casting: Summon Small Mammal (safe; 2% risk of failure)
Confirm with . or Enter, or press ? or * to list all spells.
Okay, then.
Unknown command.
Are you sure you want to abandon this character and quit the game? (Confirm with "yes".)

####..P...#<#
#.P∩...#.####
#.PPP..#.#..#
#......#.#..#
#####....#..#
###.....#
#.##..#
#..#..#
##.#@.#
########..###
..........##
...........#
...........#
..b........#
...........#
............#
..........#.#


There were no monsters in sight!

Vanquished Creatures
  A necrophage (D:3)
  5 ball pythons
  2 bats (D:2)
  2 endoplasms (D:1)
  A hobgoblin (D:1)
  2 kobolds (D:1)
  2 frilled lizards
  3 goblins
  3 rats (D:1)
21 creatures vanquished.

Vanquished Creatures (collateral kills)
  A gnoll (D:2)
  2 dart slugs
  An orc (D:2)
  5 endoplasms
  2 hobgoblins
  A quokka (D:1)
  A ball python (D:1)
  2 bats
  A frilled lizard (D:1)
  A goblin (D:2)
  2 kobolds (D:1)
  2 rats (D:1)
21 creatures vanquished.

Vanquished Creatures (others)
  2 fungi (D:2)
  7 plants
9 creatures vanquished.

Grand Total: 51 creatures vanquished

Notes
Turn   | Place    | Note
-------+----------+-------------------------------------------
     0 | D:1      | pornoking the Felid Summoner began the quest for the Orb.
     0 | D:1      | Reached XP level 1. HP: 7/7 MP: 4/4
   156 | D:1      | Reached XP level 2. HP: 10/11 MP: 6/6
   848 | D:1      | Reached XP level 3. HP: 13/14 MP: 6/8
  1763 | D:2      | Found a faded altar of an unknown god.
  1766 | D:2      | Prayed at the altar of an unknown god.
  1766 | D:2      | Became a worshipper of Warmaster Okawaru
  1766 | D:2      | Reached * piety under Okawaru
  1855 | D:2      | Fell from the grace of Okawaru
  2343 | D:3      | Noticed a necrophage
  2383 | D:3      | Killed a necrophage
  2384 | D:3      | Reached XP level 4. HP: 18/18 MP: 2/11
  2457 | D:3      | Found Xacsueq's Antique Armour Shop.
  2509 | D:3      | Noticed an ogre
  2514 | D:3      | Gained mutation: You are robust. (+10% HP) [potion of
                  | mutation]
  2517 | D:3      | Succumbed to a kobold's poison
  2518 | D:3      | Reached XP level 3. HP: 0/15 MP: 9/9
  2518 | D:3      | Upgraded the game from 0.29-a0-307-gecccbbdb84 to
                  | 0.29-a0-315-gaf6dd05e2f
  2523 | D:3      | Quit the game

Illustrated notes

Levels and vault maps discovered:
D:1:      evilmike_arrival_rings, layout_loops_ring
D:2:      layout_basic, shapermc_ecumenical_altar_mp_urbaneastern, uniq_robin,
          uniq_natasha
D:3:      layout_basic, lemuel_zombie_altar_yredelemnul, lemuel_crystal_altar,
          serial_shops, nicolae_shop_bloodbath_and_beyond, shop_fountains,
          nicolae_shop_overgrown_old_shop, shop_statue, moated_statue

Skill      XL: |  1  2  3 |
---------------+----------+-----
Spellcasting   | 3 4 |  4.3
Dodging        | |  2.6
Stealth        | |  2.9
Summonings     | |  4.2

Action                   |  1- 3 |  4- 6 || total
-------------------------+-------+-------++-------
Melee: Unarmed           |    88 |     9 ||    97
       Punch             |     2 |       ||     2
       Bite              |     7 |     2 ||     9
 Cast: Summon Small Mamm |    49 |     4 ||    53
Invok: Renounce Religion |     1 |       ||     1
  Use: Potion            |     1 |     1 ||     2
 Stab: Sleeping          |     1 |       ||     1
Armor: Skin              |    25 |     1 ||    26
Dodge: Dodged            |   143 |     9 ||   152

Table legend: (Time is in decaauts)
 A = Elapsed time spent in this place.
 B = Non-inter-level travel time spent in this place.
 C = Inter-level travel time spent in this place.
 D = Time resting spent in this place.
 E = Time spent auto-exploring this place.
 F = Levels seen in this place.
 G = Mean time per level.
                   A        B        C        D        E       F      G
               +--------+--------+--------+--------+--------+-----+--------+
         Total |   2293 |   2273 |     20 |   1049 |    291 |   3 |  764.3 |
       Dungeon |   2293 |   2273 |     20 |   1049 |    291 |   3 |  764.3 |
               +--------+--------+--------+--------+--------+-----+--------+

Top non-repeatable levels by time:
     D:1: 1204 daAuts
     D:2: 742 daAuts
     D:3: 347 daAuts
